 Dungeon Crawl Stone Soup version 0.30.1-4-g462c640d31 (webtiles) character file.

Game seed: 7280232362273817818

218 spardeous the Conjurer (level 5, 0/85 HPs)
             Began as a Demigod Conjurer on Aug 12, 2023.
             Slain by a scorpion (6 damage)
             ... on level 4 of the Dungeon.
             The game lasted 00:02:32 (3484 turns).

spardeous the Conjurer (Demigod Conjurer)           Turns: 3484, Time: 00:02:32

Health: 0/85       AC: 22    Str:  8    XL:     5   Next: 36%
Magic:  3/13       EV:  2    Int: 24    God:
Gold:   220        SH:  0    Dex: 12    Spells: 2/11 levels left

rFire   . . .        (no weapon)
rCold   . . .        (no shield)
rNeg    . . .        n - melded +0 leather armour
rPois   +            (helmet currently unavailable)
rElec   .            (cloak currently unavailable)
rCorr   .            m - melded +0 pair of gloves
SInv    .            (boots currently unavailable)
Will    .....        (no amulet) Stlth
                     t - +5 ring of evasion
HPRegen 0.34/turn    (no ring)
MPRegen 0.13/turn

%: no passive effects
@: berserking, lethally poisoned (0 -> -3), tree-form, very quick
A: stationary, stasis, torment immunity, boosted hp, high MP 1, forlorn, divine
attributes
a: no special abilities


You were on level 4 of the Dungeon.
You were a tree.
You visited 1 branch of the dungeon, and saw 4 of its levels.

You collected 220 gold pieces.

Inventory:

Armour
 a - a +0 robe
 m - a +0 pair of gloves (melded)
 n - a +0 leather armour (melded)
Jewellery
 t - a +5 ring of evasion (left branch)
Wands
 k - a wand of polymorph (8)
 p - a wand of light (8)
 s - a wand of flame (16)
Scrolls
 c - a scroll of amnesia {unknown}
 e - 5 scrolls of identify {unknown}
 f - a scroll of vulnerability {unknown}
 i - a scroll of butterflies {unknown}
 j - 2 scrolls of enchant armour {unknown}
 l - a scroll of poison {unknown}
 o - 2 scrolls of noise {unknown}
 r - a scroll of enchant weapon {unknown}
Potions
 b - a potion of magic
 d - a potion of ambrosia {unknown}
 h - a potion of lignification
 q - a potion of curing {unknown}


   Skills:
 - Level 1.7 Dodging
 - Level 1.7 Stealth
 + Level 3.7 Spellcasting
 + Level 5.1 Conjurations


You had 2 spell levels left.
You knew the following spells:

 Your Spells              Type           Power      Damage    Failure   Level
a - Magic Dart            Conj           100%       1d8       1%          1
b - Searing Ray           Conj           58%        2d6       1%          2
c - Iskenderun's Mystic   Conj/Tloc      16%        2d5       34%         4
d - Cigotuvi's Dreadful   Necr/Pois/Air  8%         N/A       16%         2

Your spell library contained the following spells:

 Spells                   Type           Power      Damage    Failure   Level
 Ensorcelled Hibernation  Hex/Ice        8%         N/A       16%         2
 Dazzling Flash           Conj/Hex       32%        N/A       11%         3
 Spider Form              Tmut/Pois      4%         N/A       30%         3
 Fulminant Prism          Conj/Hex       8%         3d7       34%         4
 Anguish                  Hex/Necr       2%         N/A       69%         4
 Dispel Undead            Necr           4%         3d7       69%         4
 Death Channel            Necr           2%         N/A       100%        6


Dungeon Overview and Level Annotations

Branches:
Dungeon (4/15)
 Temple: D:4-7


Innate Abilities, Weirdness & Mutations

You are a tree.
Your roots penetrate the ground, keeping you stationary.
You cannot be teleported.
You are immune to unholy pain and torment.
Your maximum health is greatly increased.
Your equipment is partially melded.
You have an increased reservoir of magic. (+10% MP)
You shall have no god before yourself.
Your divine heritage dramatically boosts your attributes as you level up.


Message History

You take 1 damage, and have 24/38 hp.
The scorpion attacks as you move away! The scorpion stings you.
You feel sick. The scorpion stings you.
* * * LOW HITPOINT WARNING * * *
You are lethally poisoned!
The scorpion poisons you!
You take 10 damage, and have 14/38 hp.
MASSIVE DAMAGE!!
* * * LOW HITPOINT WARNING * * *
You feel very sick.
You take 4 damage, and have 10/38 hp.
The scorpion attacks as you move away! The scorpion misses you.
* * * LOW HITPOINT WARNING * * *
You feel very sick.
You take 3 damage, and have 7/38 hp.
It was a potion of lignification.
You turn into a tree.
Your +0 pair of gloves melds into your body.
Your +0 leather armour melds into your body.
Your roots penetrate the ground.
You feel sick.
The scorpion stings you but does no damage.
You now have 10/57 hp.
It was a potion of berserk rage.
A red film seems to cover your vision as you go berserk!
You feel yourself moving faster!
You feel mighty!
You feel sick.
The scorpion stings you but does no damage.
You now have 13/85 hp.
You are too berserk!
You hit the scorpion.
The scorpion is moderately wounded.
You feel sick.
The scorpion stings you but does no damage.
You take 1 damage, and have 12/85 hp.
You hit the scorpion.
The scorpion is severely wounded.
You feel sick. The scorpion stings you.
* * * LOW HITPOINT WARNING * * *
You take 6 damage, and have 6/85 hp.
You hit the scorpion.
The scorpion is severely wounded.
You feel sick. The scorpion stings you.
You die...

..........K........###........###
............[....##. ............
.................###.......##.##.
......#.##.........>.###...##....
......####.................##....
...†...##.....#..##.....##......#
..........##..#..###...###......#
...>..##.##..##.s.##........#####
..†.......#.....♣.#.......###
.................###.....##
.#.......).........#...###
##.................#..##
#...............#...##
...#............##.##
.###.....#.##...####
#.....######## ###..##


You could see a scorpion.

Vanquished Creatures
  A howler monkey (D:4)
  An iguana (D:3)
  Terence (D:3)
  An orc wizard (D:3)
  An adder (D:2)
  A worm (D:2)
  3 dart slugs
  5 orcs
  6 ball pythons
  4 bats
  9 endoplasms
  5 giant cockroaches
  7 goblins
  7 hobgoblins
  4 jackals (D:4)
  4 quokkas
  4 frilled lizards
  8 kobolds
  7 rats
79 creatures vanquished.

Notes
Turn   | Place    | Note
-------+----------+-------------------------------------------
     0 | D:1      | spardeous the Demigod Conjurer began the quest for the Orb.
     0 | D:1      | Reached XP level 1. HP: 14/14 MP: 5/5
   303 | D:1      | Reached XP level 2. HP: 20/20 MP: 2/7
   552 | D:1      | Reached skill level 4 in Conjurations
  1256 | D:2      | Reached XP level 3. HP: 26/26 MP: 2/9
  1259 | D:2      | Learned a level 2 spell: Searing Ray
  2243 | D:3      | Noticed Terence
  2251 | D:3      | Killed Terence
  2252 | D:3      | Reached XP level 4. HP: 33/33 MP: 1/11
  2739 | D:3      | Learned a level 4 spell: Iskenderun's Mystic Blast
  2742 | D:3      | Learned a level 2 spell: Cigotuvi's Dreadful Rot
  3137 | D:4      | Reached XP level 5. HP: 38/38 MP: 10/13
  3338 | D:4      | Reached skill level 5 in Conjurations
  3484 | D:4      | Slain by a scorpion

Illustrated notes

Levels and vault maps discovered:
D:1:      eino_arrival_water_star, layout_basic,
          hellmonk_ecumenical_altar_heavens_door, minmay_quantized
D:2:      kennysheep_big_flooded_room, layout_basic, st_stairs_8,
          eino_tiny_chamber, nicolae_underground_beach
D:3:      layout_loops_ring, uniq_terence
D:4:      layout_cave_pools, lemuel_round_altar, serial_shops,
          nicolae_inconvenience_store, uniq_crazy_yiuf_cottage

Skill      XL: |  1  2  3  4  5 |
---------------+----------------+-----
Spellcasting   | 2 3 |  3.7
Conjurations   | 4 5 |  5.1
Dodging        | |  1.7
Stealth        | |  1.7

Action                     |  1- 3 |  4- 6 || total
---------------------------+-------+-------++-------
  Melee: Unarmed           |     8 |     3 ||    11
   Cast: Magic Dart        |    94 |    59 ||   153
         Searing Ray       |     1 |     4 ||     5
    Use: Potion            |       |     2 ||     2
 Armour: Robe              |     2 |       ||     2
         Leather armour    |     1 |     4 ||     5
         Skin              |       |     3 ||     3
  Dodge: Dodged            |    12 |     6 ||    18
